 Dungeon Crawl Stone Soup version 0.19-a0-905-ge5e6a15 (webtiles) character file.

956 Gagarin the Ruffian (level 7, 0/85 HPs)
             Began as a White Draconian Transmuter on July 5, 2016.
             Slain by a centaur (6 damage)
             ... on level 5 of the Dungeon.
             The game lasted 00:21:46 (6271 turns).

Gagarin the Ruffian (White Draconian Transmuter)    Turns: 6271, Time: 00:21:47

Health: 0/85       AC:  6    Str: 17    XL:     7   Next: 91%
Magic:  10/13      EV: 13    Int: 16    God:
Gold:   192        SH:  0    Dex: 11    Spells: 4 memorised, 2 levels left

rFire  . . .     SeeInvis .       - Unarmed
rCold  + . .     Gourm    .     (armour unavailable)
rNeg   . . .     Faith    .     (no shield)
rPois  .         Spirit   .     (helmet restricted)
rElec  .         Dismiss  .     (no cloak)
rCorr  .         Reflect  .     (no gloves)
SustAt .         Harm     .     (no boots)
MR     .....                    m - amulet of rage
Stlth  ..........               (no ring)
                                (no ring)

@: berserking, very quick, not resistant to hostile enchantments, extremely
unstealthy
A: breathe frost, unfitting armour, cold resistance 1, cold-blooded, AC +6
a: Breathe Frost, Evoke Berserk Rage


You were on level 5 of the Dungeon.
You were hungry.

You visited 1 branch of the dungeon, and saw 5 of its levels.

You collected 258 gold pieces.
You spent 66 gold pieces at shops.

Inventory:

Hand Weapons
 c - a +0 hand crossbow
Missiles
 a - 12 arrows
Armour
 u - a +2 shield
Jewellery
 m - an amulet of rage (around neck)
Scrolls
 d - a scroll of recharging {unknown}
 g - 4 scrolls of identify
 i - a scroll of magic mapping {unknown}
 j - 3 scrolls of fog
 k - a scroll of enchant armour {unknown}
 n - 3 scrolls of blinking {unknown}
 r - a scroll of random uselessness {unknown}
Potions
 s - a potion of might {unknown}
 t - a potion of degeneration {unknown}
 v - a potion of resistance {unknown}
Books
 b - a book of Changes

   Spells                             Type                      Level
   a - Beastly Appendage              Transmutation                1
   b - Sticks to Snakes               Transmutation                2
   c - Spider Form                    Transmutation/Poison         3
   d - Ice Form                       Ice/Transmutation            4
   e - Blade Hands                    Transmutation                5
 q - a book of Fire

   Spells                             Type                      Level
   a - Ignite Poison                  Fire/Transmutation/Poison    3
   b - Fireball                       Conjuration/Fire             5
   c - Bolt of Fire                   Conjuration/Fire             6
   d - Delayed Fireball               Conjuration/Fire             7
   e - Ring of Flames                 Charms/Fire                  7
Comestibles
 h - 3 fruits
 l - 2 meat rations
 o - 2 slices of pizza
 p - 3 bread rations
 w - a beef jerky


   Skills:
 + Level 3.4 Fighting
 + Level 4.0 Dodging
 + Level 1.0 Stealth
 + Level 5.2 Unarmed Combat
 + Level 4.3 Spellcasting
 + Level 4.1 Transmutations
 + Level 1.3 Evocations


You had 2 spell levels left.
You knew the following spells:

 Your Spells              Type           Power        Failure   Level  Hunger
a - Beastly Appendage     Tmut           ###...       3%          1    None
b - Sticks to Snakes      Tmut           ###.....     6%          2    ##.....
c - Blade Hands           Tmut           ###.......   85%         5    ######.
d - Ice Form              Ice/Tmut       ##......     75%         4    ####...


Dungeon Overview and Level Annotations

Branches:
Dungeon (5/15)
 Temple: D:4-7

Altars:
Fedhas
Nemelex Xobeh
Trog
Vehumet

Shops:
D:4 (


Innate Abilities, Weirdness & Mutations

You can breathe waves of freezing cold.
You can buffet flying creatures when you breathe cold.
Your icy white scales are hard. (AC +6)
Your body does not fit into most forms of armour.
Your flesh is cold resistant. (rC+)
You are cold-blooded and may be slowed by cold attacks.


Message History

You punch the iguana! Your kick misses the iguana.
The iguana is almost dead.
Your adder bites the iguana.
Your ball python barely misses the centaur.
The centaur closely misses you. The iguana barely misses your adder.
You punch the iguana!
You kill the iguana!
The centaur misses you.
Your ball python closely misses the centaur.
You hit the centaur.
Your tail-slap misses the centaur.
The centaur is moderately wounded.
Your talons disappear.
The centaur hits you but does no damage.
Your adder bites the centaur.
The centaur is poisoned.
Your adder poisons the centaur!
You hit the centaur.
The centaur is heavily wounded.
Your ball python barely misses the centaur.
The centaur hits you.
You die...

...........#
...........#...#
...........#...#
...%.......#...#
...........#...#
.......c...#...#
...........#...#
####....(..#.S.######
#.......#c@.......
#......((.S.......
#.......#.........
#.......#....##...
#.......#....# ..
+.......'....# .
#.......#....#
#.......#....########+
#.......###'##........


You could see a centaur, a friendly adder and a friendly ball python.

Vanquished Creatures
  An ice beast (D:5)
  A phantom (D:4)
  A scorpion (D:5)
  A howler monkey (D:4)
  A giant frog zombie (D:5)
  The ghost of crawlian the Firebug, a weakling DEFE (D:3)
  2 crimson imps
  A jelly (D:5)
  2 iguanas
  3 orc wizards
  A worker ant (D:4)
  A hound skeleton (D:4)
  7 gnolls
  7 adders
  2 shadow imps
  2 oozes
  5 worms
  2 dart slugs
  3 giant geckos
  10 orcs
  6 giant cockroaches
  8 goblins
  14 hobgoblins
  4 jackals (D:1)
  11 kobolds
  5 bats
  7 giant newts
  6 rats
115 creatures vanquished.

Vanquished Creatures (collateral kills)
  An ogre (D:4)
  An orc priest (D:5)
  A worker ant (D:4)
  A giant gecko (D:1)
  An orc (D:5)
  A hobgoblin (D:1)
  A kobold (D:1)
7 creatures vanquished.

Grand Total: 122 creatures vanquished

Notes
Turn   | Place    | Note
-------+----------+-------------------------------------------
     0 | D:1      | Gagarin the Draconian Transmuter began the quest for the Orb.
     0 | D:1      | Reached XP level 1. HP: 16/16 MP: 3/3
    84 | D:1      | Reached XP level 2. HP: 21/23 MP: 5/5
   293 | D:1      | Learned a level 2 spell: Sticks to Snakes
   559 | D:1      | Reached XP level 3. HP: 22/28 MP: 2/6
  1063 | D:2      | Reached XP level 4. HP: 6/35 MP: 2/7
  1495 | D:2      | Reached skill level 4 in Unarmed Combat
  2216 | D:2      | Reached XP level 5. HP: 36/41 MP: 7/9
  2224 | D:2      | Learned a level 5 spell: Blade Hands
  3143 | D:3      | Noticed crawlian's ghost (weakling DEFE)
  3661 | D:3      | Reached XP level 6. HP: 34/50 MP: 8/10
  4080 | D:3      | Found a sparkling altar of Nemelex Xobeh.
  4084 | D:3      | Found a bloodstained altar of Trog.
  4089 | D:3      | Found a blossoming altar of Fedhas.
  4437 | D:4      | Found Emesopp's Antique Weapon Shop.
  4446 | D:4      | Bought a hand crossbow for 66 gold pieces
  4711 | D:3      | Killed crawlian's ghost
  5004 | D:4      | Found a radiant altar of Vehumet.
  5116 | D:4      | Reached skill level 1 in Evocations
  5116 | D:4      | Your scales start taking on an icy white colour.
  5116 | D:4      | Reached XP level 7. HP: 54/56 MP: 10/12
  5116 | D:4      | Gained mutation: Your flesh is cold resistant. (rC+) [White Draconian growth]
  5179 | D:4      | Reached skill level 5 in Unarmed Combat
  5497 | D:5      | Entered Level 5 of the Dungeon
  5616 | D:5      | Reached skill level 1 in Stealth
  6022 | D:5      | Learned a level 4 spell: Ice Form
  6271 | D:5      | Slain by a centaur

Vault maps used:
D:1:      dpeg_arrival_ternary, hangedman_decor_clover_reticule, minivault_4,
          minmay_three_crescents
D:3:      minmay_overflow_temple_star_quad
D:4:      nicolae_overflow_hidden_temple, serial_shops, shop
D:5:      first_bread, basic_altar, uniq_blork_the_orc, uniq_menkaure

Skill      XL: |  1  2  3  4  5  6  7 |
---------------+----------------------+-----
Dodging        | 2 3 4 |  4.0
Unarmed Combat | 4 5 |  5.2
Fighting       | 2 3 |  3.4
Spellcasting   | 3 4 |  4.3
Transmutations | 3 4 |  4.1
Evocations     | 1 |  1.3
Stealth        | 1 |  1.0

Action                   |  1- 3 |  4- 6 |  7- 9 || total
-------------------------+-------+-------+-------++-------
Melee: Unarmed           |   114 |   314 |   120 ||   548
       Tailslap          |    10 |    41 |    17 ||    68
       Kick              |    10 |    20 |     8 ||    38
       Headbutt          |     2 |    15 |    10 ||    27
       Punch             |     2 |     3 |     5 ||    10
 Cast: Beastly Appendage |    10 |    34 |    13 ||    57
       Sticks to Snakes  |     7 |     5 |     9 ||    21
 Abil: Evoke Berserk Rag |     1 |     5 |     2 ||     8
       Breathe Frost     |       |       |     2 ||     2
  Use: Potion            |     2 |       |     1 ||     3
       Scroll            |       |     1 |       ||     1
 Stab: Sleeping          |       |     1 |     1 ||     2
       Distracted        |       |       |     1 ||     1
  Eat: Chunk             |     1 |    12 |     5 ||    18
       Bread ration      |       |     1 |       ||     1
       Beef jerky        |       |     1 |       ||     1
Armor: Skin              |    28 |    64 |    25 ||   117
Dodge: Dodged            |    77 |   167 |    76 ||   320
